 Dungeon Crawl Stone Soup version 0.28-a0-863-g8cecda6153 (webtiles) character file.

Game seed: 4617171235272047631

49 kae the Ruffian (level 3, -3/28 (29) HPs)
             Began as a Draconian Transmuter on Nov 18, 2021.
             Killed from afar by Ijyb (15 damage)
             ... with an iceblast
             ... on level 3 of the Dungeon.
             The game lasted 00:00:52 (2494 turns).

kae the Ruffian (Draconian Transmuter)              Turns: 2494, Time: 00:00:53

HP:   -3/28 (29)    AC:  5    Str: 12    XL:     3   Next: 51%
MP:   4/6           EV: 12    Int: 14    God:
Gold: 82            SH:  0    Dex: 11    Spells: 2/6 levels left

rFire   . . .      SeeInvis .     - Unarmed
rCold   . . .      Faith    .   (no shield)
rNeg    . . .      Spirit   .   (armour unavailable)
rPois   .          Reflect  .   (helmet restricted)
rElec   .          Harm     .   (no cloak)
rCorr   .          Rampage  .   (no gloves)
Will    .....                   (no boots)
Stlth   +.........              (no amulet)
HPRegen 0.09/turn               (no ring)
MPRegen 0.10/turn               (no ring)

@: lightly drained
A: AC +5, unfitting armour, cold-blooded
a: no special abilities


You were on level 3 of the Dungeon.
You visited 1 branch of the dungeon, and saw 3 of its levels.

You collected 82 gold pieces.

Inventory:

Scrolls
 g - a scroll of noise
 h - a scroll of acquirement {unknown}
 i - a scroll of torment {unknown}
 j - a scroll of identify {unknown}
 k - a scroll of enchant armour {unknown}
Potions
 a - a potion of flight {unknown}
 b - 2 potions of lignification {unknown}
 c - 2 potions of haste {unknown}
 d - a potion of resistance {unknown}
 e - a potion of degeneration {unknown}
 f - a potion of might {unknown}


   Skills:
 + Level 1.7 Fighting
 + Level 2.2 Dodging
 * Level 3.5 Unarmed Combat
 + Level 2.3 Spellcasting
 + Level 2.3 Transmutations
 * Level 0.3 Poison Magic


You had 2 spell levels left.
You knew the following spells:

 Your Spells              Type           Power      Damage    Failure   Level
a - Beastly Appendage     Tmut           16%        N/A       9%          1
b - Spider Form           Tmut/Pois      5%         N/A       38%         3

Your spell library contained the following spells:

 Spells                   Type           Power      Damage    Failure   Level
 Wereblood                Tmut           8%         N/A       14%         2
 Passwall                 Tmut/Erth      3%         N/A       22%         2
 Swiftness                Air            1%         N/A       56%         3
 Ice Form                 Ice/Tmut       4%         N/A       82%         4


Dungeon Overview and Level Annotations

Branches:
Dungeon (3/15)

Altars:

Annotations:
D:3 Ijyb


Innate Abilities, Weirdness & Mutations

Your plain brown scales are hard. (AC +5)
You cannot fit into any form of body armour.
You are cold-blooded and may be slowed by cold attacks.


Message History

You hear a loud clanging noise!
It was a scroll of noise.
You hear an angry hiss.
You hear a shout!
An endoplasm comes into view.
Casting: Beastly Appendage (safe; 9% risk of failure)
Confirm with . or Enter, or press ? or * to list all spells.
You grow a pair of large bovine horns.
Your feet morph into talons.
You hit the endoplasm. You claw the endoplasm.
You kill the endoplasm!
No target in view!
Your transformation is almost over.
Magic restored.
Your horns disappear.
Your talons disappear.
Key pressed, stopping explore.
No target in view!
No target in view!
k - a scroll labelled GOIWKU KAMY KOS No target in view!
No target in view!
Found a stone staircase leading down.
Ijyb the Twisted Goblin comes into view.
She is wielding a +0 club and carrying a wand of iceblast (8).
Ijyb is nearby!
Ijyb is nearby!
Ijyb is nearby!
You start waiting.
Ijyb is nearby!
Casting: Beastly Appendage (safe; 9% risk of failure)
Confirm with . or Enter, or press ? or * to list all spells.
The spell is extremely dangerous to cast (38% risk of failure)!
Continue anyway? [Y]es or [N]o only, please.
The spell is extremely dangerous to cast (38% risk of failure)!
Continue anyway?
You turn into a venomous arachnid creature.
Ijyb shouts!
Ijyb zaps a wand.
The mass of ice explodes!
The iceblast engulfs you!
Ouch! That really hurt!
Your transformation is almost over.
Your transformation has ended.
Ijyb zaps a wand.
The mass of ice explodes!
The iceblast engulfs you!
Ouch! That really hurt!
You die...

......<<.....#
##########.### #.#
#.# #.# .. #.# ..
#.# .. #.# #. #@# #.
#######.### ..
..........#
..######.####.##..##
?......#...........#
######.#########.###
...........g...g...#
###..#.#############
#..#.#


You could see Ijyb.

Vanquished Creatures
  An adder (D:2)
  A worm (D:2)
  3 ball pythons
  4 endoplasms
  A giant cockroach (D:2)
  A goblin (D:1)
  5 hobgoblins
  3 jackals (D:1)
  4 kobolds
  2 quokkas (D:2)
  2 bats
  2 frilled lizards
  3 rats
32 creatures vanquished.

Notes
Turn   | Place    | Note
-------+----------+-------------------------------------------
     0 | D:1      | kae the Draconian Transmuter began the quest for the Orb.
     0 | D:1      | Reached XP level 1. HP: 16/16 MP: 3/3
   572 | D:1      | Reached XP level 2. HP: 23/23 MP: 3/5
   944 | D:1      | Found a faded altar of an unknown god.
  1316 | D:2      | Reached XP level 3. HP: 12/28 MP: 4/6
  1323 | D:2      | Learned a level 3 spell: Spider Form
  2469 | D:3      | Noticed Ijyb
  2494 | D:3      | Killed from afar by Ijyb

Illustrated notes

Levels and vault maps discovered:
D:1:      wander_arrival_chamber, layout_loops_ring, basic_ecumenical_altar,
          hex_medium
D:2:      layout_loops_ring
D:3:      layout_basic, serial_shops, nicolae_shop_hallway_plus, uniq_robin,
          uniq_ijyb

Skill      XL: |  1  2 |
---------------+-------+-----
Dodging        | 2 |  2.2
Fighting       | |  1.7
Unarmed Combat | |  3.5
Spellcasting   | |  2.3
Transmutations | |  2.3
Poison Magic   | |  0.3

Action                   || total
-------------------------++-------
Melee: Unarmed           ||   107
       Kick              ||    13
       Headbutt          ||     9
       Tailslap          ||    11
       Punch             ||     1
 Cast: Beastly Appendage ||    27
       Spider Form       ||     1
  Use: Scroll            ||     2
Armor: Skin              ||    35
Dodge: Dodged            ||    94

Table legend: (Time is in decaauts)
 A = Elapsed time spent in this place.
 B = Non-inter-level travel time spent in this place.
 C = Inter-level travel time spent in this place.
 D = Time resting spent in this place.
 E = Time spent auto-exploring this place.
 F = Levels seen in this place.
 G = Mean time per level.
                   A        B        C        D        E       F      G
               +--------+--------+--------+--------+--------+-----+--------+
         Total |   2492 |   2456 |     36 |      4 |   2152 |   3 |  830.7 |
       Dungeon |   2492 |   2456 |     36 |      4 |   2152 |   3 |  830.7 |
               +--------+--------+--------+--------+--------+-----+--------+

Top non-repeatable levels by time:
     D:1: 1274 daAuts
     D:2: 1146 daAuts
     D:3: 71 daAuts
